[Event "ICC tourney 2161 (75 10)"]
[Site "Internet Chess Club"]
[Date "2020.11.28"]
[Round "6"]
[White "atjn494"]
[Black "flyingfred"]
[Result "0-1"]
[ICCResult "White checkmated"]
[WhiteElo "1568"]
[BlackElo "1495"]
[Opening "Queen's bishop game"]
[ECO "D00"]
[NIC "QP.08"]
[Time "18:33:55"]
[PlyCount "148"]
[TimeControl "4500+10"]


1. d4 d5 2. Bf4 Nf6 3. Nf3 Bf5 4. e3 e6 5. c3 c5 6. Bd3 Bg6 7. O-O Nc6 8.
Re1 Bd6 9. Bxg6 hxg6 10. Bg3 Bxg3 11. hxg3 c4 12. Nbd2 Qc7 13. e4 O-O-O 14.
e5 Ng4 15. Ng5 Rh1+ 16. Kxh1 Nxf2+ 17. Kg1 Nxd1 18. Raxd1 Qe7 19. Ndf3 Rh8
20. Rd2 Rh5 21. Nh3 Qd8 22. Rf2 Ne7 23. a3 Ng8 24. g4 Rh8 25. Nfg5 Qe7 26.
Nxf7 Rh4 27. Nd6+ Kb8 28. Ref1 Nf6 29. g5 Nd7 30. Rf7 Qd8 31. Rxd7 Qxd7 32.
Rf8+ Kc7 33. Rf7 Qxf7 34. Nxf7 Kd7 35. Kh2 Re4 36. Kg3 Re2 37. Nf4 Rxb2 38.
Nxg6 Rb3 39. Nd6 Rxc3+ 40. Kf2 Rb3 41. Nf8+ Kc6 42. Nxe6 c3 43. Nd8+ Kd7
44. Ne6 Kxe6 45. Ke2 b6 46. Kd3 Rxa3 47. Nb5 Ra2 48. Kxc3 a5 49. Nc7+ Kf5
50. Nxd5 b5 51. Ne3+ Ke6 52. Nc2 Ra4 53. Kd3 Ra2 54. Kc3 Ra4 55. Kd3 Kf5
56. Ne3+ Kxg5 57. d5 Ra3+ 58. Ke4 Ra4+ 59. Kd3 Kf4 60. e6 Ra3+ 61. Ke2
Rxe3+ 62. Kd2 Re5 63. d6 Rd5+ 64. Kc3 Rxd6 65. g3+ Kxg3 66. e7 Re6 67. Kd4
Rxe7 68. Kc5 b4 69. Kc4 Rb7 70. Kb3 a4+ 71. Kxa4 b3 72. Ka3 b2 73. Ka2
b1=Q+ 74. Ka3 Ra7# { White checkmated } 0-1

[Event "ICC tourney 2161 (75 10)"]
[Site "Internet Chess Club"]
[Date "2020.11.28"]
[Round "6"]
[White "kchinta346"]
[Black "Supersky"]
[Result "1-0"]
[ICCResult "Black checkmated"]
[WhiteElo "1695"]
[BlackElo "1312"]
[Opening "Réti opening"]
[ECO "A04"]
[NIC "QP.11"]
[Time "18:33:39"]
[PlyCount "125"]
[TimeControl "4500+10"]


1. Nf3 e6 2. d3 c5 3. g3 b6 4. Bg2 Bb7 5. O-O d5 6. Nc3 Nf6 7. Nd2 Be7 8.
e4 d4 9. Ne2 e5 10. f4 Nc6 11. f5 O-O 12. Nf3 Rc8 13. h3 Qd6 14. g4 h6 15.
Ng3 Nh7 16. h4 Qd8 17. g5 hxg5 18. hxg5 Nxg5 19. Nxg5 Bxg5 20. Qg4 f6 21.
Nh5 Rf7 22. Bxg5 fxg5 23. f6 gxf6 24. Qe6 Qe7 25. Bh3 Kf8 26. Nxf6 Nd8 27.
Qxe7+ Kxe7 28. Bxc8 Bxc8 29. Nd5+ Kd6 30. Rxf7 Nxf7 31. Rf1 Be6 32. Rf6 g4
33. Nc7 Ke7 34. Rxe6+ Kd7 35. Rf6 Nd6 36. Rxd6+ Kxd6 37. Nb5+ Kc6 38. Nxa7+
Kb7 39. Nb5 Kc6 40. Na3 b5 41. Nxb5 Kxb5 42. b3 Kb4 43. a4 Ka5 44. Kg2 Kb4
45. Kg3 Kc3 46. a5 Kxc2 47. a6 Kxd3 48. a7 Kxe4 49. a8=Q+ Ke3 50. Kxg4 d3
51. Qf3+ Kd2 52. Kf5 Kc2 53. Kxe5 d2 54. Qe2 Kc1 55. Kd5 d1=Q+ 56. Qxd1+
Kxd1 57. Kxc5 Kc2 58. b4 Kb3 59. b5 Ka4 60. b6 Ka5 61. b7 Ka6 62. b8=Q Ka5
63. Qb5# { Black checkmated } 1-0

[Event "ICC tourney 2161 (75 10)"]
[Site "Internet Chess Club"]
[Date "2020.11.28"]
[Round "6"]
[White "sophiaz7"]
[Black "jHanna"]
[Result "0-1"]
[ICCResult "White checkmated"]
[WhiteElo "1462"]
[BlackElo "1790"]
[Opening "French: Rubinstein variation"]
[ECO "C03"]
[NIC "FR.07"]
[Time "18:34:00"]
[PlyCount "160"]
[TimeControl "4500+10"]


1. e4 e6 2. d4 d5 3. Nd2 dxe4 4. Nxe4 Nd7 5. Bd3 Ngf6 6. Nxf6+ Nxf6 7. Nf3
c5 8. Bc4 cxd4 9. Qxd4 Qxd4 10. Nxd4 Bc5 11. Nf3 Bd7 12. O-O O-O 13. Re1
Ng4 14. Rf1 Bc6 15. Be2 h6 16. h3 Nf6 17. Bf4 Rfd8 18. Rad1 Rxd1 19. Rxd1
Ne4 20. Rf1 Rd8 21. Ne5 Be8 22. Bf3 Nd2 23. Bxd2 Rxd2 24. Be4 Bb5 25. Nd3
Bb6 26. Rc1 f5 27. Bxb7 Bxd3 28. cxd3 Rxf2 29. Kh1 Rxb2 30. Bc8 Re2 31. a4
Kf7 32. Ba6 Kf6 33. Ra1 Kg5 34. a5 Bd4 35. Ra4 Be5 36. Kg1 Bg3 37. Ra1 Rd2
38. Bc4 e5 39. Kf1 Kf4 40. a6 Ke3 41. Rb1 Rf2+ 42. Kg1 Rc2 43. Kf1 Bh4 44.
Ra1 e4 45. Rd1 Bg3 46. Bb5 Rf2+ 47. Kg1 Ke2 48. Rb1 exd3 49. Rb2+ Ke3 50.
Rxf2 Bxf2+ 51. Kf1 Bg3 52. Bc4 Kd2 53. Bb5 Kc2 54. Bc4 d2 55. Be2 d1=Q+ 56.
Bxd1+ Kxd1 57. h4 Kc2 58. h5 f4 59. Ke2 Kc3 60. Kf3 Kd4 61. Kg4 Ke5 62. Kf3
Kf5 63. Ke2 Kg5 64. Kd3 Kxh5 65. Kd4 g5 66. Kd5 Kg4 67. Kc6 f3 68. gxf3+
Kxf3 69. Kb7 Bf2 70. Ka8 g4 71. Kb7 g3 72. Kb8 g2 73. Ka8 g1=Q 74. Kb7 Qg7+
75. Kc6 Qf6+ 76. Kb5 Qe5+ 77. Kc6 Qe6+ 78. Kb5 Qd5+ 79. Ka4 Qc4+ 80. Ka5
Bb6# { White checkmated } 0-1

[Event "ICC tourney 2161 (75 10)"]
[Site "Internet Chess Club"]
[Date "2020.11.28"]
[Round "6"]
[White "smartgoldfish"]
[Black "ChessMindTT"]
[Result "0-1"]
[ICCResult "White checkmated"]
[WhiteElo "1202"]
[BlackElo "1417"]
[Opening "Ruy Lopez: closed, Averbach variation"]
[ECO "C87"]
[NIC "RL.16"]
[Time "18:34:13"]
[PlyCount "100"]
[TimeControl "4500+10"]


1. e4 e5 2. Nf3 Nc6 3. Bb5 a6 4. Ba4 Nf6 5. O-O Be7 6. Re1 d6 7. c3 b5 8.
Bc2 O-O 9. h3 Re8 10. d4 Bf8 11. Nbd2 Nb8 12. Nf1 Nbd7 13. Ng3 g6 14. a4
Bb7 15. Bg5 h6 16. Bd2 Bg7 17. Qc1 Kh7 18. Bb3 Qe7 19. dxe5 Nxe5 20. Nxe5
dxe5 21. Qc2 Red8 22. Rad1 c5 23. Qc1 c4 24. Bc2 Rd7 25. Be3 Rad8 26. Rxd7
Rxd7 27. f4 exf4 28. Bxf4 Qc5+ 29. Kh2 Qc6 30. axb5 axb5 31. Rg1 Qe6 32.
Qe3 Qe8 33. Re1 Qd8 34. Qf2 Ne8 35. e5 Re7 36. Nh5 Qd5 37. Be4 Qe6 38. Nxg7
Nxg7 39. Qh4 h5 40. Qg5 Bxe4 41. Rxe4 Nf5 42. g4 Qd5 43. Re2 Qf3 44. Rg2
Nh4 45. Rd2 Rd7 46. Rc2 Qe4 47. Rf2 Nf3+ 48. Rxf3 Qxf3 49. Bg3 Rd1 50. gxh5
Rh1# { White checkmated } 0-1

[Event "ICC tourney 2161 (75 10)"]
[Site "Internet Chess Club"]
[Date "2020.11.28"]
[Round "6"]
[White "Eagle2020"]
[Black "KyleZhuang"]
[Result "0-1"]
[ICCResult "White checkmated"]
[WhiteElo "1505"]
[BlackElo "1629"]
[Opening "Sicilian: Alapin's variation (2.c3)"]
[ECO "B22"]
[NIC "SI.46"]
[Time "18:33:54"]
[PlyCount "144"]
[TimeControl "4500+10"]


1. e4 c5 2. c3 d5 3. exd5 Qxd5 4. d4 e6 5. Nf3 Nc6 6. Be3 cxd4 7. cxd4 Nf6
8. h3 Be7 9. a3 O-O 10. Nc3 Qd8 11. Bd3 Re8 12. O-O b6 13. Qe2 Bb7 14. Ba6
Bxa6 15. Qxa6 Bd6 16. Qd3 Ne7 17. Rfd1 Ned5 18. Rac1 h6 19. Ne5 Rc8 20. Nb5
Rxc1 21. Rxc1 Bxe5 22. dxe5 Nd7 23. Bd4 Qg5 24. Re1 Qxg2+ 25. Kxg2 Nf4+ 26.
Kf3 Nxd3 27. Re3 N3c5 28. Nxa7 Nf8 29. Bxc5 bxc5 30. Ke4 Rb8 31. b3 Nd7 32.
f4 Nb6 33. Re2 Nd5 34. Rb2 Ne7 35. a4 Rb4+ 36. Kd3 c4+ 37. Kc3 Nd5+ 38. Kc2
cxb3+ 39. Rxb3 Rxa4 40. Nb5 Rxf4 41. Nd6 Rb4 42. Rf3 Rf4 43. Rb3 Kh7 44.
Rb7 Kg6 45. Kd3 Rf3+ 46. Ke4 Rxh3 47. Nxf7 Re3+ 48. Kd4 Rf3 49. Nd6 h5 50.
Ne8 Rf7 51. Rb1 Kh6 52. Nd6 Rf4+ 53. Kd3 h4 54. Ne4 h3 55. Nc5 Nc7 56. Ke3
Rh4 57. Kf3 g5 58. Kg3 Kh5 59. Rb8 Kg6 60. Kh2 Rc4 61. Nd7 g4 62. Rg8+ Kf5
63. Rf8+ Ke4 64. Rg8 Rc2+ 65. Kh1 Kf3 66. Nf6 g3 67. Rxg3+ Kxg3 68. Ne4+
Kf3 69. Nf6 h2 70. Ng4 Kg3 71. Ne3 Rc1+ 72. Nf1+ Rxf1# { White checkmated }
0-1

[Event "ICC tourney 2161 (75 10)"]
[Site "Internet Chess Club"]
[Date "2020.11.28"]
[Round "6"]
[White "sushivishwa"]
[Black "jason54312"]
[Result "1-0"]
[ICCResult "Black resigns"]
[WhiteElo "1755"]
[BlackElo "1551"]
[Opening "Giuoco Piano: Anderssen variation"]
[ECO "C54"]
[NIC "IG.02"]
[Time "18:33:41"]
[PlyCount "125"]
[TimeControl "4500+10"]


1. e4 e5 2. Nf3 Nc6 3. Bc4 Bc5 4. c3 Nf6 5. d4 exd4 6. e5 d5 7. Bb5 Ne4 8.
cxd4 Bb4+ 9. Bd2 Bxd2+ 10. Nbxd2 Bf5 11. Bxc6+ bxc6 12. Rc1 Nxd2 13. Qxd2
Bd7 14. O-O O-O 15. Ne1 f6 16. f4 fxe5 17. dxe5 Qe7 18. Nd3 Rab8 19. Rf2
Rb5 20. Qc3 Bf5 21. Nc5 Rd8 22. Nb3 Rb6 23. Nd4 Bd7 24. e6 Be8 25. Nf5 Qf6
26. Qxf6 gxf6 27. Nd4 Rdb8 28. b3 a5 29. a4 Rxb3 30. Nxb3 Rxb3 31. Rc5 f5
32. g3 Re3 33. Kf1 Re4 34. Rxa5 Bh5 35. Ra2 Bd1 36. Ra7 Bb3 37. Ra1 Bc4+
38. Kg1 Rxe6 39. Rxc7 d4 40. Rb1 Re8 41. Rxc6 Bd5 42. Rd6 Be4 43. Ra1 d3
44. Kf2 Rb8 45. Ra2 Rc8 46. Ke3 Rc1 47. Rxd3 Bxd3 48. Kxd3 Kg7 49. a5 Kh6
50. a6 Rc8 51. a7 Ra8 52. Kd4 Kh5 53. h3 Kg6 54. Ra6+ Kh5 55. Ke5 h6 56.
Ra5 Kg6 57. Kd6 h5 58. Kc7 h4 59. gxh4 Kh5 60. Rxf5+ Kxh4 61. Kb7 Rh8 62.
a8=Q Rxa8 63. Kxa8 { Black resigns } 1-0

[Event "ICC tourney 2161 (75 10)"]
[Site "Internet Chess Club"]
[Date "2020.11.28"]
[Round "6"]
[White "Liopleuradon15"]
[Black "JonesGill"]
[Result "1/2-1/2"]
[ICCResult "Game drawn by the 50 move rule"]
[WhiteElo "1474"]
[BlackElo "1228"]
[Opening "Réti opening"]
[ECO "A31"]
[NIC "EO.46"]
[Time "18:34:05"]
[PlyCount "293"]
[TimeControl "4500+10"]


1. Nf3 c5 2. d4 cxd4 3. Nxd4 Nf6 4. c4 a6 5. Nc3 e6 6. a3 d5 7. Bg5 Be7 8.
e3 Nc6 9. Nf3 O-O 10. Be2 b6 11. O-O Bb7 12. Rc1 dxc4 13. Bxc4 Rc8 14. Bd3
b5 15. Qe2 Qb6 16. b4 Rfd8 17. e4 Nd4 18. Nxd4 Qxd4 19. Rfd1 Rxc3 20. Rxc3
Qxc3 21. e5 Nd5 22. Bxe7 Rc8 23. Bg5 h6 24. Bd2 Qc6 25. Qe4 Ne7 26. Qg4 Kf8
27. h3 Rd8 28. Be3 Nf5 29. Bc5+ Kg8 30. Bf1 Rxd1 31. Qxd1 Qd5 32. Qd3 Qxd3
33. Bxd3 Nh4 34. Bf1 Ng6 35. Bd4 Kf8 36. g3 Ne7 37. Bc5 Ke8 38. Bg2 Bxg2
39. Kxg2 Nd5 40. Bd4 Kd7 41. Kf3 g6 42. Ke4 Kc6 43. f4 h5 44. g4 Ne7 45.
Bc5 Nd5 46. Bd4 Ne7 47. Bb2 hxg4 48. hxg4 Kc7 49. Ba1 Kc6 50. Bb2 Kc7 51.
Bd4 Kc6 52. Bc5 Nd5 53. Bd4 Ne7 54. Bb2 Kc7 55. Kd4 Kc6 56. Ba1 Nd5 57. Ke4
Ne7 58. Bd4 Kc7 59. Bf2 Kc6 60. Bh4 Nd5 61. Be1 Ne7 62. Bc3 Nd5 63. Bd4 Ne7
64. Bf2 Nd5 65. Be1 Ne7 66. Bd2 Kc7 67. Kd4 Kc6 68. Ke4 Kc7 69. Kf3 Kc6 70.
Ke4 Kc7 71. Kd4 Kc6 72. Ke4 Kc7 73. Be1 Kc6 74. Kd4 Nd5 75. Bg3 Ne7 76. Bh4
Nd5 77. Bg5 Nc7 78. Bh6 Nd5 79. Bg5 Nc7 80. Bh4 Nd5 81. Bg3 Ne7 82. Be1 Nd5
83. Bd2 Ne7 84. Ke4 Nd5 85. f5 gxf5+ 86. gxf5 Kd7 87. f6 Kc6 88. Kd4 Nb6
89. Bh6 Nd5 90. Bf8 Nc7 91. Bc5 Nd5 92. Bf8 Nc7 93. Bh6 Nd5 94. Bg5 Nc7 95.
Bh4 Nd5 96. Bf2 Nc7 97. Ke4 Nd5 98. Bd4 Kc7 99. Kd3 Kc6 100. Ke4 Kc7 101.
Kf3 Kd7 102. Ke4 Kc6 103. Kf3 Kd7 104. Kg4 Kc6 105. Kg5 Kd7 106. Kh6 Ke8
107. Kg7 Nf4 108. Kh6 Kd7 109. Kg7 Ke8 110. Kh6 Kd7 111. Kg5 Nd5 112. Kg4
Kc6 113. Kf3 Kd7 114. Ke4 Kc6 115. Kf3 Kd7 116. Ke2 Kc6 117. Kd3 Kd7 118.
Ba1 Kc7 119. Kd4 Kc6 120. Ke4 Kd7 121. Kf3 Kc6 122. Kg4 Kd7 123. Bd4 Nc7
124. Kg5 Nd5 125. Kh6 Ke8 126. Kh7 Nc7 127. Kg8 Nd5 128. Kg7 Nc7 129. Kg8
Nd5 130. Kh7 Nc7 131. Kg7 Nd5 132. Kh6 Kd7 133. Kg5 Kc6 134. Kh6 Kd7 135.
Kg7 Ke8 136. Kh7 Nc7 137. Kh6 Nd5 138. Kg5 Kd7 139. Kg4 Kc6 140. Kf3 Kd7
141. Ke4 Kc6 142. Kd3 Kd7 143. Kc2 Kc6 144. Kb3 Nc7 145. Kc3 Nd5+ 146. Kd3
Kc7 147. Ke4 { Game drawn by the 50 move rule } 1/2-1/2

[Event "ICC tourney 2161 (75 10)"]
[Site "Internet Chess Club"]
[Date "2020.11.28"]
[Round "6"]
[White "SunnyCountry"]
[Black "FlowingMelody"]
[Result "0-1"]
[ICCResult "White checkmated"]
[WhiteElo "1313"]
[BlackElo "1317"]
[Opening "Giuoco Piano"]
[ECO "C54"]
[NIC "IG.02"]
[Time "18:33:44"]
[PlyCount "132"]
[TimeControl "4500+10"]


1. e4 e5 2. Nf3 Nc6 3. Bc4 Bc5 4. c3 Nf6 5. d3 d6 6. a4 a6 7. Nbd2 Ba7 8.
h3 O-O 9. O-O Be6 10. Re1 Qd7 11. Bxe6 fxe6 12. Nf1 h6 13. Be3 Bxe3 14.
Nxe3 Qf7 15. Qe2 Nh5 16. Nh2 Nf4 17. Qd2 Qg6 18. Kh1 Rf7 19. f3 Nh5 20.
Nhf1 Rff8 21. b4 Ng3+ 22. Nxg3 Qxg3 23. Rf1 Ne7 24. Qf2 Qg5 25. c4 Ng6 26.
Ng4 Nf4 27. Rad1 h5 28. Ne3 a5 29. b5 c6 30. Rg1 cxb5 31. cxb5 Rac8 32. Nc4
Nxd3 33. Rxd3 Rxc4 34. Rxd6 Rxa4 35. Rxe6 Rd4 36. h4 Qf4 37. Rg6 Qxe4 38.
Qa2+ Qd5 39. Qxd5+ Rxd5 40. Rg5 Rxb5 41. Rxh5 g6 42. Rg5 Kf7 43. Rf1 Rh8
44. g3 Rb2 45. Rxe5 a4 46. Ree1 Re8 47. Rxe8 Kxe8 48. Re1+ Kd7 49. Ra1 b5
50. g4 Rb3 51. f4 a3 52. Ra2 b4 53. h5 gxh5 54. gxh5 Rb2 55. Ra1 a2 56. h6
Rb1+ 57. Kg2 Rxa1 58. h7 Rg1+ 59. Kxg1 a1=Q+ 60. Kg2 Qh8 61. Kg3 Qxh7 62.
Kg4 b3 63. f5 b2 64. f6 b1=Q 65. f7 Qbf5+ 66. Kg3 Qhh3# { White checkmated
} 0-1

[Event "ICC tourney 2161 (75 10)"]
[Site "Internet Chess Club"]
[Date "2020.11.28"]
[Round "6"]
[White "michaelpang"]
[Black "TigerSahi"]
[Result "1-0"]
[ICCResult "Black checkmated"]
[WhiteElo "1574"]
[BlackElo "1627"]
[Opening "Ruy Lopez: closed, Pilnik variation"]
[ECO "C77"]
[NIC "RL.12"]
[Time "18:33:56"]
[PlyCount "111"]
[TimeControl "4500+10"]


1. e4 e5 2. Nf3 Nc6 3. Bb5 a6 4. Ba4 Nf6 5. d3 b5 6. Bb3 Be7 7. O-O d6 8.
c3 O-O 9. Re1 Nb8 10. d4 Nbd7 11. Nbd2 Bb7 12. Bc2 Re8 13. Nf1 Bf8 14. Ng3
g6 15. h3 Bg7 16. d5 Nb6 17. a4 Qd7 18. a5 Nc8 19. b3 Ne7 20. Bd2 Rac8 21.
c4 bxc4 22. bxc4 Rf8 23. Bb3 Rb8 24. Bc3 Bh6 25. Ba4 Qd8 26. Rb1 Nd7 27.
Bb4 Kh8 28. Nd2 f5 29. f3 f4 30. Ngf1 Nf6 31. Qc2 Rg8 32. Rec1 Ba8 33. c5
Rc8 34. cxd6 cxd6 35. Qd3 Rxc1 36. Rxc1 Bb7 37. Nc4 Nc8 38. Qa3 Bf8 39.
Nfd2 h5 40. Bc3 g5 41. Rb1 Qc7 42. Qb3 Rg7 43. Qa2 g4 44. hxg4 hxg4 45. Kf2
gxf3 46. Rh1+ Kg8 47. gxf3 Qc5+ 48. Ke1 Rg2 49. Qb3 Qc7 50. Nxe5 Kg7 51.
Ng4 Be7 52. Nxf6 Bxf6 53. Bxf6+ Kxf6 54. Qb2+ Kg6 55. Be8+ Kg5 56. Rh5# {
Black checkmated } 1-0

[Event "ICC tourney 2161 (75 10)"]
[Site "Internet Chess Club"]
[Date "2020.11.28"]
[Round "6"]
[White "Priccchess"]
[Black "fhunfi"]
[Result "1-0"]
[ICCResult "Black resigns"]
[WhiteElo "1777"]
[BlackElo "1698"]
[Opening "French: exchange variation"]
[ECO "C01"]
[NIC "FR.01"]
[Time "18:33:50"]
[PlyCount "131"]
[TimeControl "4500+10"]


1. e4 e6 2. d4 d5 3. exd5 exd5 4. Nf3 Bd6 5. h3 Nf6 6. Bd3 Nbd7 7. O-O O-O
8. Re1 Re8 9. c3 Nf8 10. Ne5 Ne6 11. f4 c5 12. Be3 Qb6 13. Qd2 c4 14. Bc2
Nd7 15. Qe2 Nef8 16. b3 cxb3 17. Bxb3 Nf6 18. Nd2 Be6 19. Rab1 Qd8 20. Ba4
Re7 21. Qd3 Qc8 22. Bc2 g6 23. c4 dxc4 24. Ndxc4 Bxe5 25. Nxe5 Nd5 26. Rbc1
Rc7 27. Bb3 Nd7 28. Rxc7 Qxc7 29. Rc1 Qd8 30. Bd2 Rc8 31. Rxc8 Qxc8 32. Qf3
Nxe5 33. fxe5 Qc6 34. Bh6 a5 35. Bxd5 Bxd5 36. Qa3 Qc8 37. Qxa5 Be6 38. Qa3
Qd8 39. Kh2 f6 40. exf6 Kf7 41. Bf4 Qxf6 42. Be5 Qe7 43. Qf3+ Kg8 44. a3
Qf7 45. Qc3 h6 46. Qc1 Kh7 47. Qc5 Bf5 48. Qd6 g5 49. Qb8 Kg6 50. Qd8 h5
51. h4 gxh4 52. Qxh4 Be6 53. Qe4+ Bf5 54. Qf4 Be6 55. Qe3 Bd5 56. Qg3+ Kh7
57. Qg5 Be6 58. Bf4 Qg6 59. Qd8 Qf7 60. Be5 Kg6 61. Qd6 Kh7 62. Bf4 Qg6 63.
d5 Qg4 64. Qe7+ Kh8 65. Be5+ Kg8 66. Qxe6+ { Black resigns } 1-0

[Event "ICC tourney 2161 (75 10)"]
[Site "Internet Chess Club"]
[Date "2020.11.28"]
[Round "6"]
[White "Tomasleo"]
[Black "Clairehouses"]
[Result "0-1"]
[ICCResult "White checkmated"]
[WhiteElo "1416"]
[BlackElo "1566"]
[Opening "Sicilian"]
[ECO "B50"]
[NIC "SI.01"]
[Time "18:33:44"]
[PlyCount "122"]
[TimeControl "4500+10"]


1. e4 c5 2. Nf3 d6 3. d3 Nf6 4. g3 e6 5. Bg2 Be7 6. Nbd2 Nbd7 7. a4 O-O 8.
Nc4 d5 9. exd5 exd5 10. Ne3 b6 11. Nd2 Ne5 12. c4 Nxd3+ 13. Kf1 Be6 14. Nb3
Nb4 15. a5 Rc8 16. axb6 axb6 17. Ra7 d4 18. Nd5 Nfxd5 19. cxd5 Bxd5 20. Bh3
Rc7 21. Rxc7 Qxc7 22. Rg1 Qc6 23. Nd2 Bg5 24. f4 Re8 25. Bf5 Bf6 26. Qh5
Qb5+ 27. Kf2 Nd3+ 28. Bxd3 Qxd3 29. Re1 Rxe1 30. Kxe1 Be6 31. Qf3 Qxf3 32.
Nxf3 Kf8 33. Ng5 Bf5 34. h3 h6 35. g4 Bd3 36. Kd2 c4 37. Nf3 Be4 38. Ke2
Ke7 39. g5 hxg5 40. fxg5 Bxf3+ 41. Kxf3 Be5 42. Ke4 Ke6 43. h4 g6 44. Bd2
b5 45. Bb4 d3 46. b3 Bg3 47. bxc4 bxc4 48. h5 gxh5 49. Bc3 h4 50. Bd2 h3
51. Kf3 h2 52. Kg2 Kd5 53. Bc3 Ke4 54. Bd2 Kd4 55. g6 fxg6 56. Be3+ Kxe3
57. Kh1 d2 58. Kg2 d1=Q 59. Kh3 Be5 60. Kg2 Qe2+ 61. Kh3 h1=Q# { White
checkmated } 0-1

[Event "ICC tourney 2161 (75 10)"]
[Site "Internet Chess Club"]
[Date "2020.11.28"]
[Round "6"]
[White "Han366"]
[Black "ShanksGames"]
[Result "0-1"]
[ICCResult "White resigns"]
[WhiteElo "1700"]
[BlackElo "1591"]
[Opening "Dutch defense"]
[ECO "A90"]
[NIC "HD.03"]
[Time "18:34:09"]
[PlyCount "166"]
[TimeControl "4500+10"]


1. d4 e6 2. c4 f5 3. g3 Nf6 4. Bg2 c6 5. Nc3 d5 6. b3 Bb4 7. Bd2 Qa5 8. Qc2
Ne4 9. Nxe4 fxe4 10. Bxb4 Qxb4+ 11. Qd2 Qxd2+ 12. Kxd2 O-O 13. f3 exf3 14.
Nxf3 Nd7 15. Rhf1 Nf6 16. Ne5 Bd7 17. Nxd7 Nxd7 18. Rxf8+ Rxf8 19. Rf1 Nf6
20. Kd3 dxc4+ 21. bxc4 Rd8 22. e4 b6 23. Bh3 e5 24. Be6+ Kf8 25. d5 Ke7 26.
g4 h6 27. h4 Kd6 28. g5 hxg5 29. hxg5 Nh5 30. Bg4 Nf4+ 31. Ke3 Rh8 32. Rf2
c5 33. Kf3 Rh1 34. Rc2 Rd1 35. Ke3 Rd3+ 36. Kf2 Ra3 37. Kf1 Nd3 38. Rh2 Nb4
39. Rh7 Rg3 40. Bf5 Rxg5 41. a3 Nc2 42. Rh8 Ne3+ 43. Kf2 Nxf5 44. exf5
Rxf5+ 45. Ke2 Rf7 46. Rg8 Re7 47. Ke3 e4 48. Rd8+ Rd7 49. Re8 Re7 50. Rd8+
Kc7 51. Ra8 Kb7 52. Rg8 Ka6 53. Rc8 b5 54. Rxc5 bxc4 55. Rxc4 Kb6 56. Rc8
Kb7 57. Rc6 Rc7 58. Rg6 Re7 59. Rc6 Kb8 60. a4 Kb7 61. a5 Re8 62. a6+ Kb8
63. Rg6 Kc7 64. Rxg7+ Kb6 65. Rd7 Kxa6 66. d6 Re6 67. Re7 Rxd6 68. Rxe4 Kb6
69. Rd4 Rc6 70. Kd3 Kb5 71. Rd5+ Kb4 72. Rd4+ Kb3 73. Kd2 a5 74. Rd3+ Kb2
75. Kd1 a4 76. Rd4 a3 77. Rb4+ Kc3 78. Ra4 Kb3 79. Ra8 Rb6 80. Kc1 a2 81.
Ra7 Rb4 82. Ra8 Ra4 83. Rb8+ Ka3 { White resigns } 0-1

[Event "ICC tourney 2161 (75 10)"]
[Site "Internet Chess Club"]
[Date "2020.11.29"]
[Round "7"]
[White "ParthP2003"]
[Black "flyingfred"]
[Result "1-0"]
[ICCResult "Black resigns"]
[WhiteElo "1708"]
[BlackElo "1495"]
[Opening "French: exchange variation"]
[ECO "C01"]
[NIC "FR.01"]
[Time "11:04:49"]
[PlyCount "21"]
[TimeControl "4500+10"]


1. e4 e6 2. d4 d5 3. exd5 exd5 4. Bd3 Nf6 5. Ne2 c6 6. h3 Be6 7. Bf4 Bd6 8.
Nd2 Nbd7 9. Bxd6 Nb6 10. Bg3 O-O 11. O-O { Black resigns } 1-0

[Event "ICC tourney 2161 (75 10)"]
[Site "Internet Chess Club"]
[Date "2020.11.29"]
[Round "7"]
[White "ChessMindTT"]
[Black "Maanast"]
[Result "0-1"]
[ICCResult "White resigns"]
[WhiteElo "1417"]
[BlackElo "1543"]
[Opening "Queen's pawn"]
[ECO "A40"]
[NIC "QO.17"]
[Time "11:04:57"]
[PlyCount "30"]
[TimeControl "4500+10"]


1. d4 e6 2. Nf3 d5 3. Bf4 c5 4. e3 Nc6 5. c3 Nf6 6. Bd3 Qb6 7. Qc2 Bd7 8.
Nbd2 Rc8 9. O-O cxd4 10. exd4 Nb4 11. Qb1 Nxd3 12. Qxd3 Bb5 13. c4 dxc4 14.
Qc3 Nd5 15. Qc2 Nxf4 { White resigns } 0-1

[Event "ICC tourney 2161 (75 10)"]
[Site "Internet Chess Club"]
[Date "2020.11.29"]
[Round "7"]
[White "stephenwilly"]
[Black "MehPlayer"]
[Result "0-1"]
[ICCResult "White checkmated"]
[WhiteElo "1445"]
[BlackElo "1548"]
[Opening "Sicilian defense"]
[ECO "B34"]
[NIC "SI.33"]
[Time "11:04:49"]
[PlyCount "102"]
[TimeControl "4500+10"]


1. e4 c5 2. Nf3 Nc6 3. d4 cxd4 4. Nxd4 g6 5. Be3 Bg7 6. Nc3 Nf6 7. Bb5 O-O
8. O-O a6 9. Ba4 b5 10. Bb3 b4 11. Nd5 Nxe4 12. Nxc6 dxc6 13. Nxb4 Qc7 14.
c3 a5 15. Nd3 Ba6 16. Re1 Rad8 17. Bf4 e5 18. Rxe4 Rxd3 19. Bd2 Rfd8 20.
Re2 Qd7 21. Qc2 Rxd2 22. Rxd2 Qxd2 23. Rd1 Qxd1+ 24. Qxd1 Rxd1+ 25. Bxd1
Kf8 26. Bf3 c5 27. Bd5 f5 28. c4 Ke7 29. Kf1 Kd6 30. b3 Bc8 31. Ke2 Be6 32.
Bb7 e4 33. f3 exf3+ 34. Bxf3 Bd4 35. h3 Ke5 36. Kd3 f4 37. Be4 Bf5 38. Bxf5
Kxf5 39. Ke2 Ke4 40. Kd2 g5 41. Ke2 h5 42. Kd2 g4 43. h4 f3 44. g3 f2 45.
Ke2 Be3 46. a4 Bd4 47. Kf1 Kf3 48. b4 cxb4 49. c5 b3 50. c6 b2 51. c7 b1=Q#
{ White checkmated } 0-1

[Event "ICC tourney 2161 (75 10)"]
[Site "Internet Chess Club"]
[Date "2020.11.29"]
[Round "7"]
[White "MikeWMason"]
[Black "EW2006"]
[Result "1-0"]
[ICCResult "Black resigns"]
[WhiteElo "1762"]
[BlackElo "1249"]
[Opening "Giuoco Piano"]
[ECO "C50"]
[NIC "IG.02"]
[Time "11:04:39"]
[PlyCount "79"]
[TimeControl "4500+10"]


1. e4 e5 2. Nf3 Nc6 3. Bc4 Bc5 4. d4 Nxd4 5. Nxd4 exd4 6. O-O Ne7 7. Bxf7+
Kxf7 8. Qh5+ Kf8 9. Qxc5 d6 10. Qxd4 Nc6 11. Qd5 Qe7 12. Bg5 Qe6 13. c3 h6
14. Be3 Ke7 15. Nd2 Qg6 16. f4 Qe6 17. Rae1 Nd8 18. Bd4 Qxd5 19. exd5+ Kf7
20. f5 c5 21. dxc6 Nxc6 22. Ne4 Nxd4 23. Nxd6+ Kg8 24. cxd4 b6 25. Re8+ Kh7
26. Rfe1 Ba6 27. Rxa8 Rxa8 28. Re8 Rxe8 29. Nxe8 Bc4 30. b3 Bb5 31. Nd6 Bd7
32. Kf2 Kg8 33. Ke3 Kf8 34. Kf4 Ke7 35. Ke5 a5 36. g4 b5 37. Nb7 a4 38.
bxa4 bxa4 39. a3 Bb5 40. h4 { Black resigns } 1-0

[Event "ICC tourney 2161 (75 10)"]
[Site "Internet Chess Club"]
[Date "2020.11.29"]
[Round "7"]
[White "beibeiolivia"]
[Black "yogokings12"]
[Result "0-1"]
[ICCResult "White checkmated"]
[WhiteElo "1455"]
[BlackElo "1669"]
[Opening "Sicilian: Alapin's variation (2.c3)"]
[ECO "B22"]
[NIC "SI.47"]
[Time "11:04:44"]
[PlyCount "130"]
[TimeControl "4500+10"]


1. e4 c5 2. c3 Nf6 3. e5 Nd5 4. d4 cxd4 5. cxd4 d6 6. Nf3 Nc6 7. Nc3 Nxc3
8. bxc3 dxe5 9. Nxe5 Nxe5 10. dxe5 Qxd1+ 11. Kxd1 Bg4+ 12. f3 O-O-O+ 13.
Bd2 Be6 14. Be2 g6 15. Kc2 Bg7 16. f4 Bd5 17. Rhg1 Be4+ 18. Kc1 Rd7 19. Bg4
e6 20. g3 Rhd8 21. Rd1 Bf8 22. a3 h5 23. Be2 Bc5 24. Ra2 Bd3 25. Bxd3 Rxd3
26. Kc2 Be3 27. Kc1 Kc7 28. Rc2 Kc6 29. Rb2 Rxd2 30. Rdxd2 Rxd2 31. Rxd2
Kc5 32. Kc2 Bxd2 33. Kxd2 Kc4 34. Kc2 b5 35. h3 a6 36. g4 h4 37. Kd2 Kb3
38. Kd3 a5 39. Ke4 Kxc3 40. f5 exf5+ 41. gxf5 gxf5+ 42. Kxf5 b4 43. Kf6
bxa3 44. Kxf7 a2 45. e6 a1=Q 46. e7 Qf1+ 47. Kg6 Qe2 48. Kf6 a4 49. Kf7
Qf3+ 50. Kg6 Qe4+ 51. Kf7 Qf5+ 52. Kg7 Qe6 53. Kf8 Qf6+ 54. Ke8 a3 55. Kd7
Qd4+ 56. Ke8 a2 57. Kf7 Qf4+ 58. Kg6 Qe5 59. Kf7 Qf5+ 60. Kg7 Qe6 61. Kf8
Qf6+ 62. Ke8 a1=Q 63. Kd8 Qa8+ 64. Kd7 Qb7+ 65. Kd8 Qfxe7# { White
checkmated } 0-1

[Event "ICC tourney 2161 (75 10)"]
[Site "Internet Chess Club"]
[Date "2020.11.29"]
[Round "7"]
[White "TigerSahi"]
[Black "sushivishwa"]
[Result "1-0"]
[ICCResult "Black resigns"]
[WhiteElo "1627"]
[BlackElo "1755"]
[Opening "Nimzo-Indian: Kmoch variation"]
[ECO "E20"]
[NIC "NI.30"]
[Time "11:04:36"]
[PlyCount "25"]
[TimeControl "4500+10"]


1. d4 Nf6 2. c4 e6 3. Nc3 Bb4 4. f3 c5 5. d5 Bxc3+ 6. bxc3 d6 7. e4 e5 8.
Be3 Nbd7 9. Bd3 Nf8 10. Ne2 Ng6 11. O-O Nh5 12. Qd2 Qf6 13. Bg5 { Black
resigns } 1-0